 Dungeon Crawl Stone Soup version 0.24-a0-373-g39439d866b (webtiles) character file.

Game seed: 3203574592358315614

309134 goulibeur the Warrior (level 20, -36/153 HPs)
             Began as a Minotaur Fighter on May 29, 2019.
             Was the Champion of Trog.
             Killed from afar by a hell hog (46 damage)
             ... with a fireball
             ... on level 4 of the Abyss on May 30, 2019.
             The game lasted 05:27:17 (51939 turns).

goulibeur the Warrior (Minotaur Fighter)           Turns: 51939, Time: 05:27:18

Health: -36/153    AC: 31    Str: 25    XL:     20   Next: 36%
Magic:  15/15      EV: 17    Int:  5    God:    Trog [******]
Gold:   3108       SH: 16    Dex: 18    Spells: 19/19 levels left

rFire    . . .     SeeInvis +   t - +9 morningstar (vamp)
rCold    . . .     Gourm    .   c - +1 shield
rNeg     . . .     Faith    .   A - +0 plate armour
rPois    +         Spirit   .   w - +1 hat "Xoexyum" {SInv}
rElec    .         Reflect  .   s - +1 cloak "Niytut" {rCorr}
rCorr    +         Harm     .   b - +1 pair of gloves {Str+3}
MR       +....                  g - +0 pair of boots
Stlth    ..........             (no amulet)
HPRegen  0.35/turn              x - ring of poison resistance
MPRegen  0.14/turn              R - +6 ring of protection

@: berserk cooldown, slowed, very slow
A: retaliatory headbutt, horns 2, [frail 2], [low mp 2], [no potion heal 1]
}: 2/15 runes: decaying, serpentine
a: Berserk, Trog's Hand, Brothers in Arms, Renounce Religion


You were on level 4 of the Abyss.
You worshipped Trog.
Trog was exalted by your worship.
You were not hungry.

You visited 8 branches of the dungeon, and saw 35 of its levels.
You visited the Abyss 3 times.
You also visited: Sewer and Wizlab.

You collected 3257 gold pieces.
You spent 149 gold pieces at shops.

Inventory:

Hand Weapons
 t - a +9 vampiric morningstar (weapon)
 u - a +2 mace of holy wrath
 B - a +3 demon whip of venom
 Z - the +4 mace "Zoerum" {crush, Str+2 Dex+6}
   (Trog gifted it to you on level 6 of the Lair of Beasts)

   It inflicts extra damage upon your enemies.
   It affects your strength (+2).
   It affects your dexterity (+6).
Missiles
 a - 8 javelins
 q - 2 silver boomerangs
 C - 13 boomerangs (quivered)
 F - 66 poisoned darts
 P - 9 datura-tipped darts
 Q - 23 silver javelins
 V - 18 boomerangs of dispersal
 X - 23 curare-tipped darts
Armour
 b - a +1 pair of gloves of strength (worn)
 c - a +1 shield (worn)
 g - a +0 pair of boots (worn)
 s - the +1 cloak "Niytut" (worn) {rCorr}
   (You found it on level 5 of the Dungeon)

   It provides partial protection from all sources of acid and corrosion.
 w - the +1 hat "Xoexyum" (worn) {SInv}
   (You found it on level 13 of the Dungeon)

   It lets you see invisible.
 A - a +0 plate armour (worn)
Jewellery
 x - a ring of poison resistance (left hand)
 M - an uncursed ring of see invisible
 R - a +6 ring of protection (right hand)
 S - the ring of Traps {rElec rF- rN+ Str-4 Dex+8 Stlth+}
   (You found it on level 15 of the Dungeon)

   [ring of positive energy]

   It affects your strength (-4).
   It affects your dexterity (+8).
   It makes you vulnerable to fire.
   It insulates you from electricity.
   It protects you from negative energy.
   It makes you more stealthy.
 U - the cursed necklace of Bloodlust {*Rage +Rage MR++ Int-3 Slay+6 *Curse}
   (You found it on level 2 of the Snake Pit)

   [amulet of rage]

   It affects your intelligence (-3).
   It affects your accuracy and damage with ranged weapons and melee attacks
   (+6).
   It affects your resistance to hostile enchantments.
   It lets you go berserk.
   It may make you go berserk in combat.
   It curses itself when equipped.
   It has a curse placed upon it.
Wands
 r - a wand of acid (7)
 y - a wand of flame (27)
 G - a wand of scattershot (13)
 H - a wand of polymorph (18)
 K - a wand of digging (9)
 L - a wand of paralysis (59)
 O - a wand of disintegration (40)
Scrolls
 j - 7 scrolls of remove curse
 k - a scroll of brand weapon
 o - 16 scrolls of fog
 D - 5 scrolls of teleportation
 E - 5 scrolls of magic mapping
 I - a scroll of fear
 J - 17 scrolls of identify
 T - a scroll of silence
Potions
 d - 5 potions of might
 e - 9 potions of heal wounds
 h - 6 potions of flight
 i - 2 potions of berserk rage
 l - 3 potions of agility
 m - 4 potions of brilliance
 n - 16 potions of curing
 p - 2 potions of invisibility
 v - a potion of resistance
 z - a potion of cancellation
 N - 5 potions of haste
 Y - 2 potions of ambrosia
Comestibles
 f - 47 rations


   Skills:
 * Level 19.6 Fighting
 * Level 19.5 Maces & Flails
 * Level 15.6 Throwing
 + Level 16.0 Armour
 + Level 14.6 Dodging
 + Level 16.0 Shields


You had 19 spell levels left.
You didn't know any spells.
Your spell library contained the following spells:

 Spells                   Type           Power        Failure   Level  Hunger
 Confusing Touch          Hex            #.....       98%         1    ##.....
 Corona                   Hex            #......      98%         1    ##.....
 Slow                     Hex            #.......     99%         2    ###....
 Confuse                  Hex            #.......     100%        3    ####...
 Gell's Gravitas          Tloc           #.........   100%        3    ####...
 Inner Flame              Hex/Fire       #.......     100%        3    ####...
 Portal Projectile        Hex/Tloc       #.....       100%        3    ####...
 Cause Fear               Hex            #.........   100%        4    #####..
 Leda's Liquefaction      Hex/Erth       #.........   100%        4    #####..
 Petrify                  Tmut/Erth      #.......     100%        4    #####..
 Metabolic Englaciation   Hex/Ice        #.........   100%        5    ######.
 Yara's Violent Unravell  Hex/Tmut       #.........   100%        5    ######.


Dungeon Overview and Level Annotations

Branches:
Dungeon (15/15)            Temple (1/1) D:5            Lair (6/6) D:11
  Swamp (4/4) Lair:2        Snake (4/4) Lair:2        Slime (0/5) Lair:5
    Orc (2/2) D:10            Elf (2/3) Orc:2        Vaults (1/5) D:13
 Depths (0/5) D:15

Altars:
Ashenzari
Cheibriados
Dithmenos
Elyvilon
Fedhas
Gozag
Hepliaklqana
Kikubaaqudgha
Makhleb
Nemelex Xobeh
Okawaru
Qazlal
Ru
Sif Muna
Trog
Uskayaw
Vehumet
Wu Jian
Xom
Yredelemnul
Zin
The Shining One
Beogh
Jiyva

Shops:
D:4 %   D:9 ?   D:14 [   Orc:2 ([[[   Elf:2 [   Snake:2 *   Vaults:1 ?**

Portals:
Hell: Lair:6
Trove: D:11 (show abyssal rune of Zot)

Annotations:
Elf:2 5 runed translucent doors


Innate Abilities, Weirdness & Mutations

You reflexively headbutt those who attack you in melee.
You have a pair of horns on your head.
[You are very frail. (-20% HP)]
[Your magical capacity is very low. (-20% MP)]
[Potions are less effective at restoring your health.]


Message History

A hell hog comes into view.
You closely miss the hell hog. You headbutt the hell hog.
The hell hog is severely wounded.
The hell hog closely misses you. The hell hog breathes fire at you.
The fireball explodes!
The fireball engulfs you!!
* * * LOW HITPOINT WARNING * * *
The fireball engulfs the hell hog.
The hell hog resists.
The fireball engulfs the hell hog.
The hell hog resists.
The hell hog breathes fire at you.
The fireball explodes!
The fireball engulfs the hell hog.
The hell hog resists.
The fireball engulfs you!
* * * LOW HITPOINT WARNING * * *
The fireball engulfs the hell hog!
The hell hog resists.
You block the hell hog's attack.
You hear a screech!
You hear a bark!
The hell hog breathes fire at you.
The fireball explodes!
The fireball engulfs the hell hog.
The hell hog resists.
The fireball engulfs you!!!
You die...

$ # # #.## .
###..# .#.# .
.### #.####..#
##... . ..
........... # ##
. .# ..
.......##.# ..#
# . .
.......@#.# .. .
.
#########hh###.#
# # #......# . .
##...?.# . . #
#..###h.... #.
#.#. ...# # ..
## ## .#. #..


You could see 3 hell hogs.

Vanquished Creatures
  Saint Roka (Vaults:1)
  Bai Suzhen (Swamp:4)
  Nikola (Swamp:4)
  2 bone dragons
  Rupert (Lair:5)
  Jorgrun (Elf:1)
  Asterion (Elf:1)
  Kirke (Snake:4)
  A thorn hunter (Swamp:4)
  10 nagarajas
  2 vault wardens (Vaults:1)
  Aizul (Swamp:3)
  A fire giant (Vaults:1)
  2 deep elf sorcerers
  Louise (Swamp:4)
  The ghost of Poadatoj the Severer, a journeyman MiBe of Trog (Swamp:2)
  4 ironheart preservers (Vaults:1)
  4 deep elf demonologists
  Azrael (D:15)
  8 purple draconians (WizLab)
  A dire elephant (Lair:6)
  A deep elf death mage (Vaults:1)
  9 statues (WizLab)
  4 ogre magi
  2 great orbs of eyes
  Josephine (D:13)
  An ice dragon (Vaults:1)
  Harold (D:7)
  A rakshasa (Abyss:3)
  4 vault guards (D:13)
  10 hydras
  2 shambling mangroves (Swamp:3)
  9 naga warriors
  A catoblepas (D:15)
  7 centaur warriors
  16 two-headed ogres
  A death knight (D:12)
  12 anacondas
  A deep troll shaman (Vaults:1)
  5 tengu warriors
  16 alligators
  3 death yaks (Lair:5)
  Urug (D:11)
  3 thrashing horrors (Abyss:3)
  A shock serpent (shapeshifter) (Vaults:1)
  6 dancing weapons
  4 shock serpents
  10 deep elf knights
  9 naga sharpshooters
  4 wretched stars
  A soul eater (Abyss:3)
  2 sea snakes
  3 sixfirhies
  A death drake (Swamp:4)
  2 unseen horrors
  4 wizards
  8 deep elf archers
  4 spriggan druids
  2 spectral hydras (Swamp:4)
  5 naga ritualists
  A wolf spider zombie (D:14)
  2 swamp dragons
  3 phantasmal warriors (Swamp:4)
  3 ironbrand convokers (Vaults:1)
  9 orc sorcerers
  A harpy (shapeshifter) (Vaults:1)
  10 orc knights
  9 cyclopes
  6 mana vipers
  58 deep elf magi
  18 ugly things
  2 manticores
  2 salamanders (Snake:4)
  An elephant (Lair:6)
  A salamander (shapeshifter) (Vaults:1)
  2 vault sentinels (Vaults:1)
  16 black mambas
  16 guardian serpents (Snake:4)
  Maurice (D:10)
  16 naga magi
  An orange demon (Lair:6)
  19 spiny frogs
  3 rime drakes
  6 centaur skeletons
  3 smoke demons
  3 gargoyles
  8 komodo dragons
  3 yaktaurs (Vaults:1)
  6 swamp worm zombies (Swamp:4)
  A demonic crawler (Abyss:2)
  2 ice devils (Lair:6)
  An efreet (D:13)
  3 freezing wraiths
  6 kobold demonologists
  A guardian mummy (D:11)
  A hellwing (Lair:6)
  A tengu conjurer (D:13)
  A red devil (Lair:6)
  2 ancient zymes (Abyss:4)
  A merfolk (D:10)
  A tyrant leech (shapeshifter) (D:15)
  7 tyrant leeches
  3 hydra zombies
  14 hornets
  3 polar bears
  13 trolls
  33 blink frogs
  9 dream sheep
  9 raiju
  8 hippogriffs
  7 slime creatures
  Prince Ribbit (D:6)
  2 alligator zombies (Swamp:4)
  2 spectral swamp dragons (Swamp:4)
  11 bog bodies
  A vampire (D:11)
  2 air elementals
  10 spriggans
  10 wraiths
  39 yaks
  3 shadows
  A redback (shapeshifter) (Vaults:1)
  A water elemental (Elf:2)
  Sigmund (D:6)
  2 fire bats (Abyss:3)
  3 wyverns
  5 fire elementals
  A hog (Snake:4)
  A basilisk (Lair:3)
  3 hungry ghosts
  17 vampire mosquitoes
  4 chaos spawn (Abyss:3)
  A neqoxec (Abyss:4)
  9 large abominations
  Menkaure (D:6)
  7 insubstantial wisps (Swamp:4)
  4 wargs
  A soldier ant (D:13)
  34 nagas
  10 swamp worms
  3 small abominations
  7 hell hounds
  11 water moccasins
  3 acid dragons
  A floating eye (shapeshifter) (D:13)
  15 porcupines
  3 sky beasts
  2 black bears
  2 eyes of draining
  A hornet zombie (D:10)
  6 swamp drakes
  5 swamp dragon zombies (Swamp:4)
  58 orc warriors
  5 ice beasts
  3 necrophages
  23 ogres
  8 phantoms
  4 wolves (Lair:2)
  24 centaurs
  13 crocodiles
  An elf zombie (D:9)
  3 big kobolds
  22 bullfrogs
  A gnoll sergeant (D:9)
  3 earth elementals
  4 scorpions
  3 wyvern skeletons
  2 troll zombies (D:10)
  14 killer bees
  13 wights
  3 electric eels
  5 howler monkeys
  3 bullfrog zombies
  9 crimson imps
  4 centaur zombies
  A human simulacrum (Vaults:1)
  3 human zombies (D:9)
  24 orc priests
  7 hounds
  4 bullfrog skeletons
  6 jellies
  3 iguanas
  29 orc wizards
  7 worker ants
  3 spectral swamp drakes (Swamp:4)
  4 ogre zombies (D:10)
  3 hound zombies
  A hound skeleton (D:4)
  A mummy (D:9)
  A howler monkey zombie (D:7)
  2 worker ant zombies
  18 adders
  16 gnolls
  A swamp drake zombie (Swamp:4)
  5 river rats (Sewer)
  6 shadow imps
  An adder zombie (D:7)
  A worm (D:2)
  2 dart slugs
  4 leopard geckos
  127 orcs
  13 giant cockroaches
  3 goblins
  11 hobgoblins
  20 jackals
  5 quokkas
  6 ball pythons
  10 bats
  9 frilled lizards
  A goblin zombie (D:10)
  2 hobgoblin skeletons (D:10)
  40 kobolds
  2 orc skeletons
  13 orc zombies
  A quokka skeleton (D:4)
  26 rats
  A crawling corpse (Vaults:1)
  2 fungi
1498 creatures vanquished.

Vanquished Creatures (collateral kills)
  A hungry ghost (D:13)
  A hornet zombie (D:13)
  A hound (D:13)
3 creatures vanquished.

Vanquished Creatures (others)
  An alligator (Swamp:3)
  A cyclops (D:13)
  2 humans (Snake:4)
  A golden eye (Abyss:4)
  A two-headed ogre zombie (D:10)
  A swamp drake (Swamp:4)
  An orc warrior (Orc:2)
  A sky beast (D:8)
  A troll zombie (D:10)
  2 orc wizards (Orc:2)
  An orc priest (Orc:2)
  A worker ant zombie (D:10)
  2 orcs
  A goblin skeleton (D:10)
  A goblin zombie (D:10)
  2 hobgoblin skeletons (D:10)
  An orc skeleton (D:10)
  5 orc zombies (D:10)
  A bush (Lair:2)
  23 fungi
  A lurking horror (Abyss:4)
  8 plants
  16 starspawn tentacles (Abyss:2)
75 creatures vanquished.

Grand Total: 1576 creatures vanquished

Notes
Turn   | Place    | Note
-------+----------+-------------------------------------------
     0 | D:1      | goulibeur the Minotaur Fighter began the quest for the Orb.
     0 | D:1      | Reached XP level 1. HP: 19/19 MP: 0/0
   259 | D:1      | Reached XP level 2. HP: 20/27 MP: 1/1
  1021 | D:2      | Reached skill level 1 in Throwing
  1021 | D:2      | Reached XP level 3. HP: 33/33 MP: 2/2
  1026 | D:2      | Reached skill level 1 in Dodging
  1096 | D:2      | Found a blossoming altar of Fedhas.
  1097 | D:2      | Found an ancient bone altar of Kikubaaqudgha.
  1160 | D:2      | Found a snail-covered altar of Cheibriados.
  1390 | D:2      | Reached XP level 4. HP: 32/40 MP: 3/3
  2265 | D:3      | Found a glowing drain.
  2270 | Sewer    | Entered a sewer
  2564 | Sewer    | Reached XP level 5. HP: 38/46 MP: 4/4
  3083 | D:3      | Found a burning altar of Makhleb.
  3223 | D:3      | Found an opulent altar of Gozag.
  3400 | D:3      | Reached XP level 6. HP: 53/53 MP: 5/5
  3573 | D:4      | Found Rerghaen's Food Shoppe.
  3696 | D:4      | Reached skill level 5 in Fighting
  3811 | D:4      | Reached skill level 5 in Shields
  3816 | D:4      | Reached skill level 5 in Armour
  3818 | D:4      | Reached XP level 7. HP: 50/61 MP: 6/6
  4084 | D:5      | Entered Level 5 of the Dungeon
  4103 | D:5      | Found a staircase to the Ecumenical Temple.
  4114 | D:5      | Got a crude cloak
  4120 | D:5      | Identified the +1 cloak "Niytut" {rCorr} (You found it on
                  | level 5 of the Dungeon)
  5081 | D:6      | Reached skill level 5 in Maces & Flails
  5082 | D:6      | Reached XP level 8. HP: 61/70 MP: 7/7
  5132 | D:6      | Noticed Menkaure
  5148 | D:6      | Killed Menkaure
  5156 | D:6      | Noticed Sigmund
  5783 | D:6      | Noticed Prince Ribbit
  5864 | D:6      | Found a sacrificial altar of Ru.
  6019 | D:6      | Killed Sigmund
  6288 | D:6      | Noticed a centaur warrior
  6301 | D:6      | Killed a centaur warrior
  6301 | D:6      | Reached skill level 5 in Dodging
  6301 | D:6      | Reached XP level 9. HP: 47/79 MP: 8/8
  6414 | D:6      | Reached skill level 5 in Throwing
  6725 | D:6      | Killed Prince Ribbit
  7431 | D:7      | Reached XP level 10. HP: 88/88 MP: 9/9
  7641 | D:7      | Noticed Harold
  7666 | D:7      | Killed Harold
  9314 | D:9      | Found Ohinoh's Magic Scroll Boutique.
  9405 | D:9      | Found a radiant altar of Vehumet.
  9405 | D:9      | Found a hide-covered altar of Uskayaw.
  9488 | D:9      | Found a bloodstained altar of Trog.
  9533 | D:9      | Became a worshipper of Trog the Wrathful
  9678 | D:9      | Reached XP level 11. HP: 93/97 MP: 8/10
  9878 | D:9      | Found a basalt altar of Yredelemnul.
 10023 | D:10     | Entered Level 10 of the Dungeon
 10028 | D:10     | Reached * piety under Trog
 10500 | D:10     | Noticed an orc sorcerer
 10505 | D:10     | Noticed a seven-headed hydra
 10517 | D:10     | Killed a seven-headed hydra
 10545 | D:10     | Identified the +1 ring mail "Ishropn Fopo" {*Drain rN++}
 10613 | D:10     | Noticed a two-headed ogre
 10621 | D:10     | Killed a two-headed ogre
 11040 | D:10     | Found a shimmering altar of Xom.
 11157 | D:10     | Killed an unseen horror
 11157 | D:10     | Reached skill level 10 in Fighting
 11268 | D:10     | Reached ** piety under Trog
 11398 | D:10     | Found a staircase to the Orcish Mines.
 11435 | D:10     | Found a transporter.
 11435 | D:10     | Found a transporter.
 11442 | D:10     | Found a roughly hewn altar of Beogh.
 11549 | D:10     | Noticed an orc sorcerer
 11641 | D:10     | Noticed Maurice
 11654 | D:10     | Killed Maurice
 11654 | D:10     | Reached skill level 10 in Shields
 11964 | D:11     | Found a portal to a secret trove of treasure.
 11972 | D:11     | Reached skill level 10 in Armour
 12111 | D:11     | Noticed Urug
 12342 | D:11     | Killed Urug
 12342 | D:11     | Reached *** piety under Trog
 12551 | D:11     | Reached skill level 10 in Maces & Flails
 12652 | D:11     | Found a staircase to the Lair.
 12670 | D:11     | Reached XP level 12. HP: 80/106 MP: 11/11
 14016 | D:12     | Reached **** piety under Trog
 14101 | D:12     | Noticed a death knight
 14115 | D:12     | Killed a death knight
 14780 | D:12     | Noticed a two-headed ogre
 14784 | D:12     | Killed a two-headed ogre
 14977 | Lair:1   | Entered Level 1 of the Lair of Beasts
 16082 | Lair:2   | Found a staircase to the Swamp.
 16123 | Lair:2   | Received a gift from Trog
 16348 | Lair:2   | Found a shadowy altar of Dithmenos.
 16473 | Lair:2   | Reached XP level 13. HP: 82/116 MP: 12/12
 16770 | Lair:2   | Received a gift from Trog
 17002 | Lair:2   | Found a staircase to the Snake Pit.
 17691 | Lair:3   | Reached skill level 10 in Dodging
 18013 | Lair:3   | Reached ***** piety under Trog
 18339 | Lair:3   | Received a gift from Trog
 18983 | Lair:4   | Received a gift from Trog
 20270 | Lair:5   | Found a staircase to the Slime Pits.
 20270 | Lair:5   | Found a viscous altar of Jiyva.
 20280 | Lair:5   | Noticed Rupert
 20321 | Lair:5   | Killed Rupert
 20818 | Lair:6   | Entered Level 6 of the Lair of Beasts
 20835 | Lair:5   | Received a gift from Trog
 21068 | Lair:6   | Reached XP level 14. HP: 128/128 MP: 13/13
 21321 | Lair:6   | Reached skill level 10 in Throwing
 21571 | Lair:6   | Found a burning altar of Makhleb.
 22190 | Lair:6   | Received a gift from Trog
 22221 | Lair:6   | Got an iridescent mace {god gift}
 22222 | Lair:6   | Identified the +4 mace "Zoerum" {crush, Str+2 Dex+6} (Trog
                  | gifted it to you on level 6 of the Lair of Beasts)
 22300 | Lair:6   | Found a gateway to Hell.
 22523 | Orc:1    | Entered Level 1 of the Orcish Mines
 22540 | Orc:1    | Reached XP level 15. HP: 137/137 MP: 14/14
 22745 | Orc:2    | Entered Level 2 of the Orcish Mines
 23629 | Orc:1    | Received a gift from Trog
 23754 | Orc:2    | Received a gift from Trog
 23849 | Orc:2    | Found a staircase to the Elven Halls.
 23864 | Orc:2    | Found an iron altar of Okawaru.
 24056 | Orc:2    | Found Uta Tiaz's Armour Shoppe.
 24056 | Orc:2    | Found Misuziur's Antique Armour Boutique.
 24058 | Orc:2    | Found Faejy's Armour Shop.
 24060 | Orc:2    | Found Ajiduneme's Weapon Emporium.
 24067 | Orc:2    | Bought a +0 pair of gloves of strength for 149 gold pieces
 24438 | Orc:1    | Received a gift from Trog
 24526 | Orc:1    | Paralysed by an orc sorcerer for 6 turns
 25197 | D:13     | Reached ****** piety under Trog
 25200 | D:13     | Received a gift from Trog
 25353 | D:13     | Noticed Josephine
 25373 | D:13     | Killed Josephine
 25806 | D:13     | Reached skill level 15 in Fighting
 25806 | D:13     | Reached XP level 16. HP: 148/148 MP: 15/15
 25882 | D:13     | Found a gate to the Vaults.
 26000 | D:13     | Got a steaming hat
 26001 | D:13     | Identified the +1 hat "Xoexyum" {SInv} (You found it on
                  | level 13 of the Dungeon)
 26355 | D:14     | Found Cafirag's Antique Armour Boutique.
 26494 | D:14     | Reached skill level 15 in Maces & Flails
 26703 | D:14     | Received a gift from Trog
 27196 | D:14     | Found an opulent altar of Gozag.
 27310 | D:15     | Entered Level 15 of the Dungeon
 27489 | D:15     | Found a shadowy altar of Dithmenos.
 27573 | D:15     | Found a staircase to the Depths.
 27599 | D:15     | Paralysed by an ogre mage for 5 turns
 27841 | D:15     | Noticed Azrael
 27866 | D:15     | Killed Azrael
 27958 | D:15     | Received a gift from Trog
 28036 | D:15     | Got a smoking copper ring
 28760 | D:15     | Identified the ring of Traps {rElec rF- rN+ Str-4 Dex+8
                  | Stlth+} (You found it on level 15 of the Dungeon)
 29181 | Swamp:1  | Entered Level 1 of the Swamp
 29438 | Swamp:1  | Received a gift from Trog
 30648 | Swamp:2  | Found a runed translucent door.
 30648 | Swamp:2  | Found a shimmering altar of Xom.
 30648 | Swamp:2  | Noticed Poadatoj's ghost (journeyman MiBe)
 30786 | Swamp:2  | Received a gift from Trog
 31170 | Swamp:3  | Reached XP level 17. HP: 157/157 MP: 16/16
 31922 | D:10     | Paralysed by an orc sorcerer for 7 turns
 32090 | Temple   | Entered the Ecumenical Temple
 33094 | Swamp:3  | Noticed Aizul
 33113 | Swamp:3  | Killed Aizul
 33366 | Swamp:3  | Received a gift from Trog
 34066 | Snake:1  | Entered Level 1 of the Snake Pit
 35687 | Snake:2  | Found Liddum's Assorted Antiques.
 35808 | Snake:2  | Found the cursed necklace of Bloodlust {*Rage +Rage MR++
                  | Int-3 Slay+6 *Curse}
 37279 | Elf:1    | Entered Level 1 of the Elven Halls
 37445 | Elf:1    | Noticed an Ice Fiend
 37461 | Elf:1    | Received a gift from Trog
 37925 | Elf:1    | Received a gift from Trog
 37998 | Elf:1    | Received a gift from Trog
 38225 | Elf:1    | Noticed Jorgrun
 38235 | Elf:1    | Killed Jorgrun
 38291 | Elf:1    | Noticed Asterion
 38295 | Elf:1    | Killed Asterion
 38307 | Elf:1    | Received a gift from Trog
 38865 | Elf:2    | Reached XP level 18. HP: 122/170 MP: 17/17
 39212 | Elf:2    | Found Xufuocuj's Armour Boutique.
 39337 | Elf:2    | Found a magical portal.
 39346 | WizLab   | Entered Iskenderun's Mystic Tower
 40667 | WizLab   | Received a gift from Trog
 41005 | WizLab   | Identified Iskenderun's Volume of Confrontation
 41005 | WizLab   | Identified Iskenderun's Almanac of Confrontation
 41865 | Elf:2    | Found a huge runed translucent gate.
 41865 | Elf:2    | Found a huge runed translucent gate.
 41865 | Elf:2    | Found a huge runed translucent gate.
 41865 | Elf:2    | Found a huge runed translucent gate.
 41865 | Elf:2    | Found a huge runed translucent gate.
 42584 | Swamp:2  | Killed Poadatoj's ghost
 42717 | Swamp:4  | Entered Level 4 of the Swamp
 42729 | Swamp:4  | Upgraded the game from 0.24-a0-368-g0e0cebd0f3 to
                  | 0.24-a0-373-g39439d866b
 43014 | Swamp:4  | Received a gift from Trog
 43015 | Swamp:4  | Got a dazzling hunting sling {god gift}
 43102 | Swamp:4  | Noticed Nikola
 43121 | Swamp:4  | Killed Nikola
 43179 | Swamp:4  | Identified the cursed +0 large shield of an ossuary {Int+3}
 43179 | Swamp:4  | Noticed Louise
 43197 | Swamp:4  | Killed Louise
 43475 | Swamp:4  | Reached skill level 15 in Armour
 43475 | Swamp:4  | Reached skill level 15 in Shields
 44591 | Swamp:4  | Noticed Bai Suzhen
 44614 | Swamp:4  | Noticed a bone dragon
 44625 | Swamp:4  | Killed Bai Suzhen
 44633 | Swamp:4  | Killed a bone dragon
 44830 | Swamp:4  | Received a gift from Trog
 45510 | Swamp:4  | Got a decaying rune of Zot
 45782 | Snake:4  | Entered Level 4 of the Snake Pit
 45792 | Snake:4  | Reached XP level 19. HP: 173/174 MP: 18/18
 45825 | Snake:4  | Received a gift from Trog
 47476 | Snake:4  | Noticed Kirke
 47699 | Snake:4  | Received a gift from Trog
 47712 | Snake:4  | Killed Kirke
 48059 | Snake:4  | Received a gift from Trog
 48646 | Snake:4  | Got a serpentine rune of Zot
 49065 | Vaults:1 | Entered Level 1 of the Vaults
 49256 | Vaults:1 | Noticed Saint Roka
 49271 | Vaults:1 | Killed Saint Roka
 49271 | Vaults:1 | Reached skill level 15 in Throwing
 49366 | Vaults:1 | Received a gift from Trog
 49820 | Vaults:1 | Found Taig's Magic Scroll Shop.
 50145 | Vaults:1 | Reached XP level 20. HP: 191/191 MP: 19/19
 50188 | Vaults:1 | Cast into level 2 of the Abyss (a wizard)
 50268 | Abyss:2  | Paralysed by accursed screaming for 1 turns
 50429 | Vaults:1 | Escaped the Abyss
 50471 | Vaults:1 | Received a gift from Trog
 50748 | Vaults:1 | Found Xioba's Assorted Antiques.
 50789 | Vaults:1 | Found Yrchut's Assorted Antiques.
 51262 | Vaults:1 | Cast into level 3 of the Abyss (a deep elf sorcerer)
 51764 | Vaults:1 | Escaped the Abyss
 51803 | Vaults:1 | Cast into level 4 of the Abyss (a deep elf sorcerer)
 51904 | Abyss:4  | Noticed a bone dragon
 51924 | Abyss:4  | HP: 9/201 [bone dragon (4)]
 51925 | Abyss:4  | Killed a bone dragon
 51939 | Abyss:4  | Killed from afar by a hell hog

Levels and vault maps discovered:
D:1:      roderic_dead_forest, layout_basic, chequers_mini_garden,
          minmay_worlds_worst_comb
D:2:      layout_loops_ring, grunt_temple_overflow_growth_and_decay,
          nicolae_overflow_hidden_temple
D:3:      layout_loops_ring, nicolae_overflow_crystal_walls,
          makhleb_blood_cavern_becter, portal_sewer_entry_e, first_ration
D:4:      layout_rooms, serial_shops, shop
D:5:      layout_loops_corners, minmay_temple_entry_crystal_x
D:6:      layout_loops_cross, kennysheep_mini, kb_rosetta, uniq_sigmund,
          uniq_menkaure, uniq_prince_ribbit1
D:7:      layout_gridville, uniq_harold
D:8:      layout_loops_cross
D:9:      layout_loops_cross, lemuel_mausoleum_altar_yredelemnul,
          lemuel_round_altar, gammafunk_temple_overflow_pools, serial_shops,
          nicolae_shop_window_shopping, uniq_erica
D:10:     gammafunk_beogh_shrine, layout_long_grid, zombieorc2_lemuel,
          basic_altar, hangedman_stone_soup, uniq_maurice
D:11:     layout_roguey, grunt_lair_entry_orc_guard_hut,
          nicolae_trove_entry_path_of_doom, uniq_urug
D:12:     layout_irregular_city, serial_glass, glass_columns_a, glass_columns_b,
          glass_columns_a, glass_columns_a
D:13:     layout_irregular_city, lightli_vaults_fourway_checkpoint,
          minmay_joined_circles, uniq_josephine
D:14:     layout_stronghold, nicolae_gozag_cash_rules_everything_around_me,
          serial_shops, shop
D:15:     grunt_enter_depths_magical_seal, layout_grid_maze,
          hangedman_abyss_or_decor_slice, chequers_arboretum,
          nicolae_dithmenos_through_a_glass_darkly, uniq_azrael
Temple:   minmay_temple_forest_path
Lair:1:   layout_cave_pods
Lair:2:   layout_loops_ring, swamp_mist_pool, guppyfry_snake_entry_garden,
          basic_altar
Lair:3:   layout_cave_pods, st_stairs_9, grunt_megastairs_5, lemuel_fruit_tree,
          serial_bayou_shore_b, serial_bayou_shore_b
Lair:4:   layout_regular_city
Lair:5:   layout_roguey, slime_altar_1, uniq_rupert
Lair:6:   evil_forest, layout_cave_shapes
Swamp:1:  layout_basic_swamp, nicolae_swamp_fairy_circle
Swamp:2:  layout_basic_swamp, ebering_ghost_xom,
          nicolae_swamp_very_dense_foliage
Swamp:3:  layout_falls_marsh, evilmike_swamp_ruin_house_2, uniq_aizul
Swamp:4:  swamp_pestilence, layout_basic_swamp, swamp_pool2, uniq_nikola,
          uniq_bai_suzhen, uniq_louise
Snake:1:  layout_onion, serial_bayou_shore_a
Snake:2:  layout_grid_shapes, serial_shops, shop, serial_bayou_pond_b,
          grunt_megastairs_3
Snake:3:  layout_concentric_octagons
Snake:4:  grunt_snake_rune_serpentine_throne, layout_basic, st_stairs_6,
          nicolae_snake_round_shape_thing, grunt_megastairs_2, uniq_kirke
Orc:1:    layout_caves, mines_bat_river
Orc:2:    st_orc_rangers, layout_caves, special_room, okawaru_metal_pillars_1_2
Elf:1:    minmay_elf_arrival_circle, layout_loops_corners,
          minmay_elf_demonology, uniq_jorgrun, uniq_asterion
Elf:2:    layout_geoelf_diagonals, infiniplex_enter_wizlab_glasses,
          serial_shops, nicolae_shop_competitors_out_of_business
Vaults:1: grunt_vaults_swirl, v_misc_25, dpeg_vaults_monster_box,
          ontoclasm_vaults_chip, vaults_room_grunt_arrival_ludios,
          nicolae_vaults_little_squares_2, ontoclasm_vaults_eye,
          nicolae_vaults_network_s, nicolae_vaults_ring_of_whatevers,
          st_squares, vaults_room_pool, nicolae_vaults_little_squares_3,
          ontoclasm_vaults_gateway, layout_vaults_omnicross, serial_shops, shop,
          nicolae_shop_trees, shop, nicolae_shop_waterfront, uniq_saint_roka
Abyss:4:  nicolae_abyss_rune_star_stuff

Skill      XL: |  1  2  3  4  5  6  7  8  9 10 11 12 13 14 15 16 17 18 19 20 |
---------------+-------------------------------------------------------------+-----
Throwing       | 1 2 3 4 5 6 8 9 10 12 13 14 15 | 15.6
Dodging        | 1 2 3 5 6 7 8 9 10 11 12 13 14 | 14.6
Armour         | 4 5 7 9 10 11 12 13 14 15 16 | 16.0
Fighting       | 4 5 7 8 9 10 11 13 14 15 16 17 18 19 | 19.6
Maces & Flails | 3 4 5 6 7 8 10 11 12 13 14 16 17 18 19 | 19.5
Shields        | 4 5 7 8 9 10 11 12 13 14 15 16 | 16.0

Action                   |  1- 3 |  4- 6 |  7- 9 | 10-12 | 13-15 | 16-18 | 19-21 || total
-------------------------+-------+-------+-------+-------+-------+-------+-------++-------
Melee: Flail             |    82 |   215 |   246 |       |       |       |       ||   543
       Headbutt          |    12 |    22 |    58 |   189 |   248 |   323 |   217 ||  1069
       Morningstar       |       |       |    18 |   962 |   984 |  1287 |   759 ||  4010
       Mace              |       |       |       |       |    10 |       |       ||    10
Throw: Dart              |       |       |    11 |    43 |       |    15 |       ||    69
       Boomerang         |       |       |    19 |    65 |    66 |   707 |   194 ||  1051
       Javelin           |       |       |       |       |       |     4 |       ||     4
Invok: Berserk           |       |       |       |     9 |    17 |    12 |    11 ||    49
       Brothers in Arms  |       |       |       |       |     1 |       |       ||     1
  Use: Scroll            |       |    14 |     1 |     3 |    24 |    18 |     4 ||    64
       Potion            |       |       |       |       |     1 |     5 |     3 ||     9
 Stab: Confused          |       |       |       |       |       |     1 |       ||     1
       Invisible         |       |       |       |       |       |     1 |       ||     1
       Distracted        |       |       |       |       |       |       |     1 ||     1
  Eat: Chunk             |     1 |     9 |    14 |    28 |    41 |    34 |    12 ||   139
       Ration            |       |       |       |     4 |     2 |    12 |     5 ||    23
Armor: Scale mail        |    25 |    70 |       |       |       |       |       ||    95
       Chain mail        |       |    15 |   117 |   238 |       |       |       ||   370
       Plate armour      |       |       |       |   105 |   428 |   468 |   314 ||  1315
Dodge: Dodged            |    31 |    77 |    70 |   294 |   516 |   471 |   447 ||  1906
Block: Shield            |    31 |   128 |   161 |   610 |   862 |   886 |   675 ||  3353

Table legend:
 A = Non-vault XP
 B = Vault XP
 C = Vault XP percentage of total XP
 D = Non-vault monster count
 E = Vault monster count
 F = Vault count percentage of total count
                 A         B        C        D         E       F
            +---------+---------+-------+---------+---------+-------
      Total |  271580 |  200084 |  42.4 |    1042 |     457 |  30.5
            +---------+---------+-------+---------+---------+-------
        D:1 |      29 |      10 |  25.6 |       9 |       5 |  35.7
        D:2 |      83 |       0 |   0.0 |      33 |       0 |   0.0
        D:3 |     202 |      42 |  17.2 |      24 |       1 |   4.0
        D:4 |     257 |       0 |   0.0 |      17 |       0 |   0.0
        D:5 |     455 |       0 |   0.0 |      14 |       0 |   0.0
        D:6 |    1461 |    1742 |  54.4 |      33 |       7 |  17.5
        D:7 |    1418 |     997 |  41.3 |      29 |       1 |   3.3
        D:8 |    2920 |       0 |   0.0 |      43 |       0 |   0.0
        D:9 |    1504 |     791 |  34.5 |      33 |      12 |  26.7
       D:10 |    5099 |    3424 |  40.2 |      36 |      44 |  55.0
       D:11 |    2170 |    1994 |  47.9 |      32 |       8 |  20.0
       D:12 |    7988 |       0 |   0.0 |      54 |       0 |   0.0
       D:13 |    6669 |   11823 |  63.9 |      41 |      31 |  43.1
       D:14 |    8946 |       0 |   0.0 |      25 |       0 |   0.0
       D:15 |   19025 |    9608 |  33.6 |      48 |      19 |  28.4
     Lair:1 |    3925 |       0 |   0.0 |      17 |       0 |   0.0
     Lair:2 |    5999 |     489 |   7.5 |      31 |       3 |   8.8
     Lair:3 |    3271 |       0 |   0.0 |      15 |       0 |   0.0
     Lair:4 |    6058 |       0 |   0.0 |      26 |       0 |   0.0
     Lair:5 |    8989 |    3150 |  25.9 |      26 |       1 |   3.7
     Lair:6 |    7956 |    9876 |  55.4 |      33 |      25 |  43.1
    Swamp:1 |   11418 |       0 |   0.0 |      28 |       0 |   0.0
    Swamp:2 |    8168 |    2460 |  23.1 |      18 |       2 |  10.0
    Swamp:3 |   16236 |    1706 |   9.5 |      42 |       1 |   2.3
    Swamp:4 |   12086 |   24631 |  67.1 |      25 |      46 |  64.8
    Snake:1 |    6846 |       0 |   0.0 |      14 |       0 |   0.0
    Snake:2 |    6598 |    2265 |  25.6 |      14 |       4 |  22.2
    Snake:3 |    7910 |       0 |   0.0 |      11 |       0 |   0.0
    Snake:4 |   10161 |   52155 |  83.7 |      23 |      72 |  75.8
      Orc:1 |   10915 |    2298 |  17.4 |      77 |      24 |  23.8
      Orc:2 |     553 |    2095 |  79.1 |      14 |      18 |  56.2
      Elf:1 |   18345 |   12626 |  40.8 |      29 |      13 |  31.0
      Elf:2 |   15005 |    1826 |  10.8 |      26 |       2 |   7.1
   Vaults:1 |   30308 |   23259 |  43.4 |      57 |      34 |  37.4
    Abyss:2 |    3208 |     396 |  11.0 |       6 |       1 |  14.3
    Abyss:3 |   11492 |       0 |   0.0 |      27 |       0 |   0.0
    Abyss:4 |    7907 |       0 |   0.0 |      12 |       0 |   0.0
      Sewer |       0 |     129 | 100.0 |       0 |      48 | 100.0
     WizLab |       0 |   30292 | 100.0 |       0 |      35 | 100.0
            +---------+---------+-------+---------+---------+-------
